 Dungeon Crawl Stone Soup version 0.23.0-2-g0fe3ce5905 (webtiles) character file.

Game seed: 507019083613335302

623968 binko the Conqueror (level 27, -1/273 HPs)
             Began as a Hill Orc Fighter on Feb 19, 2019.
             Was an Initiate of Gozag.
             Slain by Kepun the pandemonium lord (19 damage)
             ... on level 13 of the Dungeon.
             The game lasted 03:07:31 (57419 turns).

binko the Conqueror (Hill Orc Fighter)             Turns: 57419, Time: 03:07:32

Health: -1/273     AC: 43    Str: 39    XL:     27
Magic:  23/23      EV: 22    Int:  8    God:    Gozag
Gold:   1469       SH:  0    Dex: 15    Spells: 26/26 levels left

rFire    + + +     SeeInvis +   y - +0 battleaxe (vamp)
rCold    + + .     Gourm    .   (shield currently unavailable)
rNeg     . . .     Faith    .   N - +9 scales of the Dragon King {rPois rF+ rC+ MR+}
rPois    +         Spirit   .   X - +0 helmet "Tupe" {rF+ Str+4} (curse)
rElec    +         Reflect  .   Q - scarf {repulsion}
rCorr    +         Harm     +   m - +1 pair of gloves {Str+3}
MR       +++..                  s - +2 pair of boots of the Unbroken {rF++}
Stlth    ..........             i - amulet of Vuusigh {Harm *Drain rF+}
HPRegen  0.55/turn              v - ring "Bonizool" {Dex+3 SInv}
MPRegen  0.18/turn              R - +4 ring of slaying

@: about to teleport, resistant, gold aura, repel missiles
A: agile 1, blurry vision 1
0: Orb of Zot
}: 3/15 runes: serpentine, barnacled, silver
a: Potion Petition, Call Merchant, Bribe Branch, Renounce Religion


You were on level 13 of the Dungeon.
You worshipped Gozag.
Gozag was most pleased with you.
You were not hungry.

You visited 10 branches of the dungeon, and saw 50 of its levels.
You visited the Abyss 1 time.
You visited 2 bazaars.
You also visited: Ossuary, Gauntlet and Volcano.

You collected 27514 gold pieces.
You spent 5449 gold pieces at shops.
You paid 20596 gold pieces to Gozag.

Inventory:

Hand Weapons
 y - a +0 vampiric battleaxe (weapon)
 D - the +1 broad axe of the Five Souls {chop, +Inv rF+ Stlth-}
   (You found it on level 3 of the Shoals)

   It inflicts extra damage upon your enemies.
   It protects you from fire.
   It lets you turn invisible.
   It makes you less stealthy.
Armour
 m - a +1 pair of gloves of strength (worn)
 s - the +2 pair of boots of the Unbroken (worn) {rF++}
   (You found it in a Gauntlet)

   It greatly protects you from fire.
 N - the +9 scales of the Dragon King (worn) {rPois rF+ rC+ MR+}
   (You bought it in a shop on level 5 of the Dungeon)

   It protects you from fire.
   It protects you from cold.
   It protects you from poison.
   It affects your resistance to hostile enchantments.
 Q - a scarf of repulsion (worn)
 X - the cursed +0 helmet "Tupe" (worn) {rF+ Str+4}
   (You found it on level 3 of the Depths)

   It affects your strength (+4).
   It protects you from fire.
   It has a curse placed upon it.
Jewellery
 c - an uncursed amulet of the acrobat
 d - a +5 ring of protection
 i - the amulet of Vuusigh (around neck) {Harm *Drain rF+}
   (You found it on level 3 of the Depths)

   [amulet of harm]

   It increases damage dealt and taken.
   It protects you from fire.
   It causes draining when unequipped.
 k - a +5 ring of evasion
 q - an uncursed ring of protection from magic
 v - the ring "Bonizool" (left hand) {Dex+3 SInv}
   (You found it on level 15 of the Dungeon)

   [ring of see invisible]

   It affects your dexterity (+3).
   It lets you see invisible.
 w - an uncursed ring of ice
 x - an uncursed ring of protection from cold
 E - an uncursed amulet of guardian spirit
 G - an uncursed ring of positive energy
 K - an uncursed ring of flight
 R - a +4 ring of slaying (right hand)
 U - an uncursed ring of positive energy
Wands
 b - a wand of polymorph (7)
 j - a wand of paralysis (55)
 A - a wand of enslavement (18)
 I - a wand of digging (8)
 V - a wand of disintegration (35)
Scrolls
 e - 25 scrolls of remove curse
 g - 18 scrolls of identify
 n - 3 scrolls of holy word
 o - a scroll of summoning
 p - 5 scrolls of silence
 r - 10 scrolls of enchant weapon
 u - 7 scrolls of fog
 B - 10 scrolls of fear
 C - 3 scrolls of amnesia
 F - 11 scrolls of blinking
 H - 4 scrolls of brand weapon
 M - 2 scrolls of magic mapping
 P - 13 scrolls of teleportation
 Z - 6 scrolls of enchant armour
Potions
 a - a potion of magic
 h - 7 potions of haste
 l - 3 potions of flight {unknown}
 t - 6 potions of lignification
 z - 24 potions of curing
 J - 4 potions of cancellation
 O - 5 potions of agility
 T - 8 potions of invisibility
 W - 2 potions of resistance
 Y - a potion of berserk rage
Comestibles
 f - 41 rations


   Skills:
 O Level 27 Fighting
 - Level 23.8 Axes
 + Level 24.5 Armour
 + Level 22.3 Dodging
   Level 4.0 Shields


You had 26 spell levels left.
You didn't know any spells.
Your spell library contained the following spells:

 Spells                   Type           Power        Failure   Level  Hunger
 Animate Skeleton         Necr           N/A          88%         1    ##.....
 Apportation              Tloc           #.....       88%         1    ##.....
 Confusing Touch          Hex            #.....       88%         1    ##.....
 Corona                   Hex            #......      88%         1    ##.....
 Flame Tongue             Conj/Fire      #....        88%         1    ##.....
 Magic Dart               Conj           #...         88%         1    ##.....
 Pain                     Necr           #...         88%         1    ##.....
 Sandblast                Erth           #.....       88%         1    ##.....
 Shock                    Conj/Air       #...         88%         1    ##.....
 Sting                    Conj/Pois      #...         88%         1    ##.....
 Summon Small Mammal      Summ           #...         88%         1    ##.....
 Blink                    Tloc           N/A          96%         2    ###....
 Call Imp                 Summ           #.......     96%         2    ###....
 Corpse Rot               Necr           N/A          96%         2    ###....
 Ensorcelled Hibernation  Hex/Ice        #.....       96%         2    ###....
 Passwall                 Tmut/Erth      #.......     96%         2    ###....
 Poisonous Vapours        Pois/Air       #.....       96%         2    ###....
 Searing Ray              Conj           #.....       96%         2    ###....
 Shroud of Golubria       Chrm/Tloc      #.........   96%         2    ###....
 Slow                     Hex            #.......     96%         2    ###....
 Sublimation of Blood     Necr           #.........   96%         2    ###....
 Swiftness                Chrm/Air       #.......     96%         2    ###....
 Throw Flame              Conj/Fire      #.....       96%         2    ###....
 Throw Frost              Conj/Ice       #.....       96%         2    ###....
 Call Canine Familiar     Summ           #.......     99%         3    ####...
 Confuse                  Hex            #.......     99%         3    ####...
 Conjure Flame            Conj/Fire      #.......     99%         3    ####...
 Dazzling Spray           Conj/Hex       #.....       99%         3    ####...
 Gell's Gravitas          Tloc           #.........   99%         3    ####...
 Inner Flame              Hex/Fire       #.......     99%         3    ####...
 Lesser Beckoning         Tloc           #.........   99%         3    ####...
 Mephitic Cloud           Conj/Pois/Air  #.......     99%         3    ####...
 Ozocubu's Armour         Chrm/Ice       #.......     99%         3    ####...
 Portal Projectile        Hex/Tloc       #.....       99%         3    ####...
 Recall                   Summ/Tloc      N/A          99%         3    ####...
 Regeneration             Chrm/Necr      #.........   99%         3    ####...
 Spider Form              Tmut/Pois      #.........   99%         3    ####...
 Static Discharge         Conj/Air       #.......     99%         3    ####...
 Stone Arrow              Conj/Erth      #.....       99%         3    ####...
 Summon Guardian Golem    Hex/Summ       #.......     99%         3    ####...
 Teleport Other           Tloc           #.......     99%         3    ####...
 Tukima's Dance           Hex            #.......     99%         3    ####...
 Vampiric Draining        Necr           #.........   99%         3    ####...
 Animate Dead             Necr           N/A          100%        4    #####..
 Cause Fear               Hex            #.........   100%        4    #####..
 Force Lance              Conj/Tloc      #.......     100%        4    #####..
 Iskenderun's Mystic Bla  Conj           #.......     100%        4    #####..
 Leda's Liquefaction      Hex/Erth       #.........   100%        4    #####..
 Petrify                  Tmut/Erth      #.......     100%        4    #####..
 Sticky Flame             Conj/Fire      #.......     100%        4    #####..
 Summon Ice Beast         Ice/Summ       #.......     100%        4    #####..
 Summon Lightning Spire   Summ/Air       #.......     100%        4    #####..
 Throw Icicle             Conj/Ice       #.......     100%        4    #####..
 Agony                    Necr           #.......     100%        5    ######.
 Aura of Abjuration       Summ           #.........   100%        5    ######.
 Bolt of Draining         Conj/Necr      #.........   100%        5    ######.
 Bolt of Magma            Conj/Fire/Erth #.........   100%        5    ######.
 Borgnjor's Vile Clutch   Necr/Erth      #.........   100%        5    ######.
 Dispel Undead            Necr           #.......     100%        5    ######.
 Excruciating Wounds      Chrm/Necr      #.........   100%        5    ######.
 Fireball                 Conj/Fire      #.........   100%        5    ######.
 Iskenderun's Battlesphe  Conj/Chrm      #.......     100%        5    ######.
 Lee's Rapid Deconstruct  Erth           #.........   100%        5    ######.
 Lightning Bolt           Conj/Air       #.........   100%        5    ######.
 Metabolic Englaciation   Hex/Ice        #.........   100%        5    ######.
 Silence                  Hex/Air        #.........   100%        5    ######.
 Summon Demon             Summ           #.........   100%        5    ######.
 Summon Forest            Summ/Tloc      #.........   100%        5    ######.
 Summon Mana Viper        Hex/Summ       #.......     100%        5    ######.
 Venom Bolt               Conj/Pois      #.........   100%        5    ######.
 Yara's Violent Unravell  Hex/Tmut       #.........   100%        5    ######.
 Bolt of Fire             Conj/Fire      #.........   100%        6    #######
 Conjure Ball Lightning   Conj/Air       #.........   100%        6    #######
 Darkness                 Hex            #.........   100%        6    #######
 Death Channel            Necr           #.........   100%        6    #######
 Deflect Missiles         Chrm/Air       #.........   100%        6    #######
 Dispersal                Tloc           #.........   100%        6    #######
 Freezing Cloud           Conj/Ice/Air   #.........   100%        6    #######
 Hydra Form               Tmut           #.........   100%        6    #######
 Invisibility             Hex            #.......     100%        6    #######
 Iron Shot                Conj/Erth      #.........   100%        6    #######
 Ozocubu's Refrigeration  Ice            #.........   100%        6    #######
 Shadow Creatures         Summ           N/A          100%        6    #######
 Simulacrum               Ice/Necr       #.........   100%        6    #######
 Statue Form              Tmut/Erth      #........    100%        6    #######
 Dragon Form              Tmut           #.........   100%        7    #######
 Orb of Destruction       Conj           #.........   100%        7    #######
 Ring of Flames           Chrm/Fire      #.........   100%        7    #######
 Spellforged Servitor     Conj/Summ      #.........   100%        7    #######
 Summon Hydra             Summ           #.........   100%        7    #######
 Controlled Blink         Tloc           N/A          100%        8    #######
 Disjunction              Tloc           #.........   100%        8    #######
 Ignition                 Fire           #.........   100%        8    #######
 Dragon's Call            Summ           #.........   100%        9    #######
 Shatter                  Erth           #.........   100%        9    #######
 Tornado                  Air            #.........   100%        9    #######
 Passage of Golubria      Tloc           Unusable     N/A         4    N/A

Dungeon Overview and Level Annotations

Branches:
Dungeon (15/15)            Temple (1/1) D:5            Lair (6/6) D:9
 Shoals (4/4) Lair:4        Snake (4/4) Lair:3        Slime (0/5) Lair:6
    Orc (2/2) D:9             Elf (3/3) Orc:2        Vaults (5/5) D:13
  Crypt (0/3) Vaults:2     Depths (5/5) D:15            Zot (5/5) Depths:5

Altars:
Ashenzari
Cheibriados
Dithmenos
Elyvilon
Fedhas
Gozag
Hepliaklqana
Kikubaaqudgha
Makhleb
Nemelex Xobeh
Okawaru
Qazlal
Ru
Sif Muna
Trog
Uskayaw
Vehumet
Wu Jian
Xom
Yredelemnul
Zin
The Shining One
Beogh
Jiyva

Shops:
D:5 *%?(!   D:9 *   D:10 (   D:13 *   Orc:2 (=*!   Snake:3 (?   Vaults:4 !:!
Depths:1 }=}   Depths:4 =

Portals:
Hell: Depths:1 Depths:2 Depths:3 Depths:4 Depths:5
Abyss: Depths:1 Depths:3 Depths:4
Pandemonium: Depths:3
Ziggurat: Depths:4
Trove: Depths:1 (show abyssal rune of Zot)

Annotations:
D:8 1 runed translucent door, Enish's ghost, novice MiBe
D:9 1 runed translucent door, binko's ghost, novice OgTm
D:12 3 runed translucent doors, binko's ghost, journeyman OgTm
Lair:5 exclusion: 4 oklob plants
Depths:3 exclusion: 2 obsidian statues


Innate Abilities, Weirdness & Mutations

You are agile. (Dex +2)
Scrolls take you a little longer to read.


Message History

Okay, then. [a] - 216 gold - heal wounds and curing [b] - 425 gold - haste, agility and flight [c] - 448 gold - heal wounds, curing and magic Purchase which effect?
You feel much better.
You feel better. Kepun hits you but does no damage.
The hellwing becomes distracted by the nearby gold, dreaming of imaginary riches.
Kepun completely misses you.
The tormentor calls on the powers of darkness!
Your body is wracked with pain!
* * * LOW HITPOINT WARNING * * *
The smoke demon gestures at you. Something smites you!
* * * LOW HITPOINT WARNING * * *
The hellwing gives a chilling moan.
Your blink will be uncontrolled - continue anyway?
Really read with blurry vision while enemies are nearby?
Kepun hits you!
You die...
Your body crumbles into a pile of gold.

##...# #.# #.#. ####+### ##.#
#... #......# #..###########.##
#......# ###.#.)&.1..2..'2..
#......####.....#############
#......'...22#### #.&.
#......#####1# #.## #......#
#&# #..> ####'### #@# ##+#
#....# #4# #.. ###.######
##.########## ###
#........####.3.........# #..
#........##.............# #..
#........##.#........)2.#####..
#........##.#.........&.....#..
#........#..#.......)...###.&..
#......))..##...........# ###..


You could see Kepun, a hell beast, an Executioner, a hellwing, a smoke demon and
a tormentor.

Vanquished Creatures
  An orb of fire (Zot:5)
  Sojobo (Vaults:2)
  A Killer Klown (Zot:5)
  Saint Roka (Orc:2)
  4 caustic shrikes (Depths:5)
  A curse toe (Zot:3)
  Xtahua (Vaults:3)
  2 golden dragons
  A bone dragon (Depths:5)
  2 electric golems
  5 liches
  6 tentacled monstrosities
  6 Orb Guardians
  3 quicksilver dragons
  3 deep elf blademasters
  2 deep elf master archers (Elf:3)
  A titan (shapeshifter) (Depths:3)
  2 death cobs
  Kirke (Lair:4)
  Frances (Elf:1)
  2 sphinxes
  A kraken (Shoals:2)
  3 tengu reavers
  9 storm dragons
  The ghost of Barug the Brawler, an adept TrMo of Nemelex Xobeh (Depths:4)
  Gastronok (D:10)
  2 draconian monks (Zot:1)
  2 azure jellies (shapeshifter) (Depths:3)
  2 shadow dragons
  Roxanne (Elf:3)
  6 frost giants
  6 draconian knights
  10 nagarajas
  10 fire giants
  3 ghost moths
  Louise (D:14)
  2 draconian scorchers
  8 vault wardens
  The ghost of PeterQ the Nimble, a journeyman GnGl of Uskayaw (Orc:1)
  2 deep elf sorcerers (Elf:3)
  An iron dragon (Vaults:5)
  3 draconian shifters
  2 deep elf elementalists (Elf:3)
  13 ironheart preservers
  A caustic shrike skeleton (Depths:1)
  A ghoul (Vaults:2)
  4 draconian annihilators (Zot:1)
  21 very ugly things
  6 spriggan defenders
  4 draconian stormcallers
  2 war gargoyles (Depths:3)
  4 entropy weavers
  24 stone giants
  5 black draconians
  9 green draconians
  2 vampire knights
  3 white draconians
  8 deep elf demonologists
  A dire elephant (Lair:6)
  5 red draconians
  13 deep elf annihilators
  A minotaur (Gauntlet)
  3 purple draconians (Zot:3)
  A spark wasp (Depths:5)
  11 yellow draconians
  A merfolk javelineer (Shoals:4)
  6 deep elf death magi
  7 ettins
  Snorg (Orc:2)
  4 blizzard demons
  10 merfolk impalers
  A death ooze (Gauntlet)
  2 fire dragons (shapeshifter) (Depths:3)
  9 yaktaur captains
  15 crystal guardians
  Fannar (Lair:1)
  23 vault guards
  8 fire dragons
  9 deep elf high priests
  8 great orbs of eyes
  8 ice dragons
  12 naga warriors
  A rakshasa (Vaults:3)
  18 anacondas
  An anaconda (shapeshifter) (Depths:3)
  6 merfolk aquamancers
  8 centaur warriors
  2 catoblepae
  A spriggan air mage (Depths:2)
  5 hydras
  2 merfolk avatars
  4 satyrs
  31 two-headed ogres
  3 death knights
  11 ogre magi
  3 tengu warriors
  18 death yaks
  9 deep troll shamans
  A queen ant (Lair:4)
  8 deep troll earth magi
  7 spriggan berserkers
  A titan zombie (Depths:2)
  A vampire mage (Depths:2)
  17 naga sharpshooters
  An orc high priest (Orc:1)
  Sonja (D:11)
  19 deep elf knights
  8 hell knights
  10 shock serpents
  2 spriggans (Depths:4)
  2 shadow wraiths (Vaults:4)
  A fire crab (shapeshifter) (Elf:1)
  3 iron trolls (Depths:1)
  7 skeletal warriors
  7 salamander mystics
  An unseen horror (shapeshifter) (Vaults:3)
  12 sea snakes
  A large abomination (Elf:1)
  A sea snake (shapeshifter) (Depths:3)
  A death drake (shapeshifter) (Depths:2)
  3 unseen horrors
  3 flayed ghosts
  An obsidian statue (Depths:3)
  33 deep trolls
  9 deep elf archers
  A glowing orange brain (shapeshifter) (Depths:3)
  5 lindwurms
  6 wizards
  10 glowing orange brains
  14 ironbrand convokers
  A golden dragon skeleton (Depths:2)
  4 naga ritualists
  10 necromancers
  3 phantasmal warriors
  2 sphinx zombies (Depths:4)
  2 lindwurms (shapeshifter)
  A harpy (shapeshifter) (Vaults:3)
  12 orc knights
  A tengu zombie (Depths:4)
  17 harpies
  15 mana vipers
  An oklob plant (Gauntlet)
  A tengu skeleton (Depths:4)
  41 deep elf magi
  4 wolf spiders
  A stone giant zombie (Depths:1)
  25 ugly things
  3 elephants (Lair:6)
  A moth of wrath (shapeshifter) (Depths:3)
  3 salamanders (shapeshifter)
  8 salamanders
  5 orc sorcerers
  8 cyclopes
  21 manticores
  3 fauns (Shoals:2)
  A sphinx skeleton (Vaults:2)
  11 moths of wrath
  A stone giant skeleton (Depths:1)
  4 merfolk sirens
  11 guardian serpents
  52 black mambas
  7 water nymphs
  A torpor snail (Lair:5)
  Psyche (D:12)
  4 gargoyles
  A spiny frog (shapeshifter) (Vaults:2)
  10 vault sentinels
  A rust devil (Depths:1)
  5 spectral swamp worms (Depths:4)
  14 spiny frogs
  23 naga magi
  3 molten gargoyles
  A spriggan skeleton (Depths:1)
  A yaktaur zombie (Vaults:4)
  An elf skeleton (Depths:1)
  A rime drake (Lair:3)
  2 efreet
  5 komodo dragons
  53 yaktaurs
  9 freezing wraiths
  A spark wasp simulacrum (Depths:1)
  An ice devil (Abyss:3)
  A human skeleton (Vaults:4)
  2 hellwings (D:13)
  A yaktaur (shapeshifter) (Depths:3)
  5 polar bears (Lair:6)
  A troll (shapeshifter) (Vaults:2)
  5 tengu conjurers
  A queen bee (shapeshifter) (Depths:4)
  33 merfolk
  11 trolls
  2 tengu simulacra (Vaults:4)
  An ice dragon zombie (Depths:1)
  5 hornets
  16 snapping turtles
  12 wind drakes
  12 blink frogs
  9 dream sheep
  Prince Ribbit (D:8)
  18 slime creatures
  14 hippogriffs
  A frost giant simulacrum (Depths:4)
  2 air elementals (Depths:3)
  A shadow (D:13)
  An ettin skeleton (Depths:2)
  Sigmund (D:5)
  A vampire (D:13)
  2 redbacks
  7 fire elementals
  13 water elementals
  A yak (shapeshifter) (Vaults:4)
  42 yaks
  2 humans
  A tarantella (shapeshifter) (Depths:4)
  A human (shapeshifter) (Depths:2)
  2 fire bats (Volcano)
  2 golden eyes (Zot:3)
  A golden eye (shapeshifter) (Vaults:1)
  2 wyverns
  3 hungry ghosts
  4 hogs (Lair:4)
  A basilisk (Lair:6)
  A human simulacrum (Vaults:4)
  3 insubstantial wisps (Depths:3)
  44 nagas
  3 vampire mosquitoes (D:15)
  8 wargs
  2 soldier ants (shapeshifter)
  24 soldier ants (Lair:4)
  3 acid dragons
  2 acid dragons (shapeshifter)
  A hell hound (Volcano)
  10 porcupines
  20 water moccasins
  4 ice beasts
  A sky beast (D:15)
  2 hornet zombies
  68 orc warriors
  5 black bears
  5 boggarts
  An eye of draining (D:13)
  An eye of draining (shapeshifter) (Depths:3)
  A necrophage (D:12)
  24 ogres
  44 centaurs
  14 wolves
  14 crocodiles
  A big kobold (D:10)
  2 elf zombies (Elf:1)
  21 bullfrogs
  A gnoll sergeant (D:9)
  A glowing shapeshifter simulacrum (Vaults:2)
  11 earth elementals
  14 scorpions
  10 killer bees
  A howler monkey (shapeshifter) (Vaults:4)
  2 electric eels (Snake:1)
  2 vampire bats (Lair:4)
  3 crimson imps
  2 bullfrog zombies
  2 bullfrog skeletons
  16 orc priests
  3 centaur skeletons
  2 quasits
  5 centaur zombies
  4 human zombies
  2 hounds
  8 jellies
  Crazy Yiuf (D:5)
  7 iguanas
  23 orc wizards
  Ijyb (D:4)
  5 hell rats (Lair:4)
  34 worker ants
  A killer bee zombie (D:5)
  3 big kobold zombies (Ossuary)
  2 hound zombies
  4 hound skeletons
  A howler monkey zombie (D:11)
  3 mummies (Ossuary)
  2 worker ant zombies
  14 gnolls
  11 adders
  8 shadow imps
  3 oozes
  An adder skeleton (D:5)
  A worm (D:2)
  3 dart slugs
  9 leopard geckos
  136 orcs
  3 ball pythons
  11 bats
  2 giant cockroaches
  2 gnoll zombies (Ossuary)
  6 goblins
  8 hobgoblins
  8 jackals
  7 quokkas
  4 frilled lizards
  2 goblin zombies (Ossuary)
  4 hobgoblin zombies (Ossuary)
  A jackal zombie (D:5)
  15 kobolds
  5 kobold zombies (Ossuary)
  A leopard gecko skeleton (D:3)
  A leopard gecko zombie (D:3)
  4 orc zombies (Ossuary)
  2 quokka skeletons
  A quokka zombie (D:3)
  11 rats
  10 plants
  3 tentacles (Shoals:2)
2172 creatures vanquished.

Vanquished Creatures (collateral kills)
  2 ancient liches
  2 golden dragons
  Jory (Vaults:5)
  An electric golem (Zot:5)
  A tentacled monstrosity (Zot:5)
  2 titans (Vaults:5)
  An Orb Guardian (Zot:5)
  2 quicksilver dragons
  A storm dragon (Vaults:5)
  A shadow dragon (Vaults:5)
  An iron dragon (Vaults:5)
  A balrug (Zot:5)
  A white draconian (Zot:5)
  A deep elf death mage (Vaults:5)
  A deep elf high priest (Vaults:5)
  A hell beast (Zot:3)
  2 vault guards (Vaults:5)
  2 hell hogs (Zot:5)
  A gelid demonspawn (Zot:5)
  A vault sentinel (Vaults:5)
  A red devil (Zot:5)
  A raiju (shapeshifter) (Vaults:5)
  2 redbacks (Vaults:5)
  A golden eye (Zot:3)
31 creatures vanquished.

Vanquished Creatures (others)
  An orb of fire (Zot:5)
  A golden dragon (Zot:5)
  An Ice Fiend (Zot:1)
  18 Orb Guardians (Zot:5)
  2 tentacled monstrosities (Zot:5)
  A titan (Vaults:5)
  Asterion (Vaults:2)
  An ancient champion (Vaults:2)
  A quicksilver dragon (Zot:5)
  4 tengu reavers
  A death cob (Zot:1)
  A storm dragon (Zot:5)
  A shadow dragon (Vaults:5)
  A fire giant (Vaults:5)
  A vault warden (Vaults:5)
  A frost giant (Vaults:5)
  2 draconian knights
  A blood saint (Zot:5)
  2 war gargoyles
  2 stone giants (Vaults:5)
  An entropy weaver (Vaults:5)
  An ironheart preserver (Vaults:5)
  A green draconian (Zot:5)
  A spark wasp (Depths:5)
  2 yaktaur captains (Vaults:5)
  A deep elf high priest (Vaults:5)
  A hydra (D:14)
  8 vault guards (Vaults:5)
  A deep troll earth mage (Depths:2)
  A hell hog (Zot:5)
  32 dancing weapons
  2 deep trolls
  A skeletal warrior (Vaults:2)
  A cherub (Zot:1)
  A torturous demonspawn (Zot:5)
  A glowing orange brain (Depths:3)
  An orange crystal statue (Zot:5)
  An obsidian statue (Zot:5)
  An orc knight (Vaults:5)
  A harpy (Shoals:4)
  A black mamba (Snake:4)
  A naga mage (Snake:4)
  3 vault sentinels
  6 yaktaurs
  2 jumping spiders (Vaults:5)
  A troll (Vaults:5)
  2 water elementals (Depths:3)
  An insubstantial wisp (Depths:3)
  A floating eye (shapeshifter) (Vaults:5)
  2 ogres (Vaults:4)
  4 centaurs
  8 ball lightnings (Depths:3)
  3 orcs
  9 fungi
  15 plants
  5 tentacles (Shoals:2)
  2 withered plants (D:8)
170 creatures vanquished.

Grand Total: 2373 creatures vanquished

Notes
Turn   | Place    | Note
-------+----------+-------------------------------------------
     0 | D:1      | binko the Hill Orc Fighter began the quest for the Orb.
     0 | D:1      | Reached XP level 1. HP: 19/19 MP: 1/1
    24 | D:1      | Reached skill level 4 in Fighting
   160 | D:1      | Reached XP level 2. HP: 21/27 MP: 2/2
   381 | D:1      | Reached skill level 5 in Fighting
   381 | D:1      | Reached XP level 3. HP: 36/36 MP: 3/3
   927 | D:2      | Found a shadowy altar of Dithmenos.
   957 | D:2      | Reached XP level 4. HP: 25/44 MP: 4/4
   985 | D:2      | Found a stormy altar of Qazlal.
  1231 | D:2      | Found a shattered altar of Ashenzari.
  1450 | D:2      | Reached skill level 6 in Fighting
  1996 | D:3      | Reached XP level 5. HP: 47/51 MP: 5/5
  2068 | D:3      | Reached skill level 7 in Fighting
  2208 | D:3      | Found a white marble altar of Elyvilon.
  2338 | D:3      | Reached XP level 6. HP: 10/61 MP: 6/6
  2342 | D:3      | Reached skill level 8 in Fighting
  3141 | D:4      | Got a heavily runed granite ring
  3143 | D:4      | Identified the ring "Mykokocw" {rF- rN+ Int+5} (You found
                  | it on level 4 of the Dungeon)
  3311 | D:4      | Got an ivory hand axe
  3312 | D:4      | Identified the +11 hand axe "Kaoqixam" {protect, Fragile
                  | +Inv Int+3} (You found it on level 4 of the Dungeon)
  3416 | D:4      | Reached skill level 5 in Armour
  3466 | D:4      | Reached XP level 7. HP: 61/68 MP: 7/7
  3507 | D:4      | Noticed Ijyb
  3513 | D:4      | Killed Ijyb
  3543 | D:5      | Entered Level 5 of the Dungeon
  3543 | D:5      | Found Nane's Antique Weapon Emporium.
  3567 | D:5      | Found Iphaschi's Magic Scroll Boutique.
  3570 | D:5      | Bought a scroll of blinking for 90 gold pieces
  3570 | D:5      | Bought a scroll of identify for 24 gold pieces
  3604 | D:5      | Found Kok Elui's Food Shoppe.
  3607 | D:5      | Reached skill level 5 in Axes
  3651 | D:5      | Found Becw's Assorted Antiques.
  3782 | D:5      | Found a runed translucent door.
  3783 | D:5      | Noticed Crazy Yiuf
  3849 | D:5      | Reached skill level 9 in Fighting
  3851 | D:5      | Reached XP level 8. HP: 77/78 MP: 8/8
  3921 | D:5      | Found Sutoxt's Distillery.
  3929 | D:5      | Bought a potion of heal wounds for 50 gold pieces
  3929 | D:5      | Bought a potion of heal wounds for 50 gold pieces
  3947 | D:5      | Found a glowing silver altar of Zin.
  4042 | D:5      | Noticed Sigmund
  4055 | D:5      | Killed Sigmund
  4055 | D:5      | Reached skill level 10 in Fighting
  4063 | D:5      | Found a staircase to the Ecumenical Temple.
  4074 | Temple   | Entered the Ecumenical Temple
  4431 | D:5      | Killed Crazy Yiuf
  4540 | D:6      | Found a sand-covered staircase.
  4559 | Ossuary  | Entered an ossuary
  4598 | Ossuary  | Reached skill level 11 in Fighting
  4646 | Ossuary  | Reached XP level 9. HP: 86/90 MP: 9/9
  4648 | Ossuary  | Reached skill level 12 in Fighting
  4994 | D:6      | Found an opulent altar of Gozag.
  5274 | D:6      | Found a hide-covered altar of Uskayaw.
  5698 | D:6      | Became a worshipper of Gozag Ym Sagoz the Greedy
  6096 | D:7      | Reached skill level 1 in Dodging
  6109 | D:7      | Reached XP level 10. HP: 95/97 MP: 10/10
  6578 | D:8      | Found a burning altar of Makhleb.
  6854 | D:8      | Found a runed translucent door.
  6854 | D:8      | Noticed Enish's ghost (novice MiBe)
  6898 | D:8      | Noticed Prince Ribbit
  6948 | D:8      | Killed Prince Ribbit
  6948 | D:8      | Reached skill level 10 in Axes
  7121 | D:8      | Found a blossoming altar of Fedhas.
  7502 | D:9      | Found Qowupt's Assorted Antiques.
  7592 | D:9      | Noticed a two-headed ogre
  7597 | D:9      | Killed a two-headed ogre
  7597 | D:9      | Reached skill level 5 in Dodging
  7829 | D:9      | Reached XP level 11. HP: 88/106 MP: 5/11
  7834 | D:9      | Identified the Compendium of Toxic Black Rituals
  7898 | D:9      | Found an iron altar of Okawaru.
  7925 | D:8      | Reached skill level 13 in Fighting
  8096 | D:9      | Killed an unseen horror
  8157 | D:9      | Found a shimmering altar of Xom.
  8258 | D:9      | Found a roughly hewn altar of Beogh.
  8258 | D:9      | Found a staircase to the Orcish Mines.
  8258 | D:9      | Noticed binko's ghost (novice OgTm)
  8261 | D:9      | Found a runed translucent door.
  8278 | D:9      | Reached skill level 14 in Fighting
  8512 | D:9      | Noticed a two-headed ogre
  8519 | D:9      | Killed a two-headed ogre
  8522 | D:9      | Found a hazy altar of Hepliaklqana.
  8574 | D:9      | Found a staircase to the Lair.
  8684 | D:10     | Entered Level 10 of the Dungeon
  8684 | D:10     | Noticed a two-headed ogre
  8693 | D:10     | Killed a two-headed ogre
  8693 | D:10     | Reached skill level 15 in Fighting
  8702 | D:10     | Found Degiclehulu's Antique Weapon Shoppe.
  8888 | D:10     | Noticed a seven-headed hydra
  9069 | D:10     | Noticed Gastronok
  9084 | D:10     | Killed Gastronok
  9084 | D:10     | Reached skill level 10 in Armour
  9084 | D:10     | Reached XP level 12. HP: 116/119 MP: 10/12
  9489 | D:11     | Noticed Sonja
  9506 | D:11     | Killed Sonja
 10258 | Lair:1   | Entered Level 1 of the Lair of Beasts
 10311 | Lair:1   | Found a basalt altar of Yredelemnul.
 11011 | Lair:1   | Noticed Fannar
 11023 | Lair:1   | Killed Fannar
 12123 | Lair:3   | Reached XP level 13. HP: 118/126 MP: 13/13
 12156 | Lair:3   | Found a dark tunnel.
 12165 | Volcano  | Entered a volcano
 12781 | Lair:3   | Reached skill level 16 in Fighting
 12861 | Lair:3   | Found a staircase to the Snake Pit.
 13752 | Lair:4   | Noticed Kirke
 13771 | Lair:4   | Killed Kirke
 13824 | Lair:4   | You fall through a shaft!
 14245 | Lair:4   | Reached XP level 14. HP: 105/137 MP: 12/14
 14249 | Lair:4   | Noticed an entropy weaver
 14250 | Lair:4   | Noticed an entropy weaver
 14781 | Lair:4   | Killed an entropy weaver
 14833 | Lair:4   | Killed an entropy weaver
 15255 | D:5      | Bought the +9 scales of the Dragon King {rPois rF+ rC+ MR+}
                  | for 3494 gold pieces
 15255 | D:5      | Found the +9 scales of the Dragon King {rPois rF+ rC+ MR+}
 15279 | D:5      | Bought a ration for 70 gold pieces
 15717 | Lair:4   | Found a staircase to the Shoals.
 15972 | Lair:5   | Reached skill level 17 in Fighting
 16452 | Lair:6   | Entered Level 6 of the Lair of Beasts
 16684 | Lair:6   | Reached skill level 18 in Fighting
 17086 | Lair:6   | Found a viscous altar of Jiyva.
 17087 | Lair:6   | Found a staircase to the Slime Pits.
 17766 | Lair:6   | Noticed a dire elephant
 17771 | Lair:6   | Reached skill level 10 in Dodging
 17790 | Lair:6   | Killed a dire elephant
 17790 | Lair:6   | Reached XP level 15. HP: 87/149 MP: 11/15
 17797 | Lair:6   | Identified the Incunabulum of Fiery Feathers
 18171 | D:12     | Noticed Psyche
 18174 | D:12     | Killed Psyche
 18414 | D:12     | Found a runed translucent gate.
 18415 | D:12     | Found a runed translucent gate.
 18416 | D:12     | Found a runed translucent gate.
 18417 | D:12     | Noticed binko's ghost (journeyman OgTm)
 18418 | D:12     | Found an iron altar of Okawaru.
 18945 | D:13     | Reached skill level 15 in Armour
 19732 | D:13     | Found a gate to the Vaults.
 19765 | D:13     | Bought a scroll of teleportation for 36 gold pieces
 19765 | D:13     | Bought a ration for 60 gold pieces
 19765 | D:13     | Bought a scroll of remove curse for 36 gold pieces
 19765 | D:13     | Bought a scroll of magic mapping for 42 gold pieces
 19765 | D:13     | Bought a ration for 60 gold pieces
 19858 | D:14     | Found a gate leading to a gauntlet.
 19866 | D:14     | Noticed Louise
 19868 | Gauntlet | Entered a Gauntlet
 19868 | Gauntlet | Found a transporter.
 19877 | Gauntlet | Found a transporter.
 19892 | Gauntlet | Found a transporter.
 19900 | Gauntlet | Found a transporter.
 19918 | Gauntlet | Found a transporter.
 19965 | Gauntlet | Found a transporter.
 19968 | Gauntlet | Found a transporter.
 19968 | Gauntlet | Found a transporter.
 19971 | Gauntlet | Found a transporter.
 20091 | Gauntlet | Got a pair of shimmering boots
 20102 | Gauntlet | Identified the +2 pair of boots of the Unbroken {rF++} (You
                  | found it in a Gauntlet)
 20111 | Gauntlet | Found a transporter.
 20138 | Gauntlet | Identified the +7 chain mail of Atheism {rPois rC+ Stlth+}
 20166 | Gauntlet | Identified the Disquisition on the Blaze
 20206 | D:14     | Cast into level 3 of the Abyss (Louise)
 20316 | D:14     | Escaped the Abyss
 20331 | D:14     | Killed Louise
 20530 | D:14     | Reached skill level 19 in Fighting
 21046 | D:14     | Noticed a tengu reaver
 21078 | D:14     | Reached XP level 16. HP: 92/162 MP: 11/16
 21109 | D:14     | Killed a tengu reaver
 21119 | D:14     | Reached skill level 20 in Fighting
 21168 | D:14     | Found the +8 glaive of the Guard {elec, +Rage AC+5 SInv}
 21488 | D:15     | Entered Level 15 of the Dungeon
 21490 | D:15     | Got a crude copper ring
 21492 | D:15     | Identified the ring "Bonizool" {Dex+3 SInv} (You found it
                  | on level 15 of the Dungeon)
 21592 | D:15     | Reached skill level 15 in Axes
 21673 | D:15     | Found a shimmering altar of Xom.
 21740 | D:15     | Found a staircase to the Depths.
 22136 | Snake:1  | Entered Level 1 of the Snake Pit
 23936 | Snake:2  | Found a gateway to a bazaar.
 23944 | Bazaar   | Entered a bazaar
 23958 | Bazaar   | Found Tiris's Assorted Antiques.
 23958 | Bazaar   | Found Kamiaklit's Armour Emporium.
 23992 | Bazaar   | Found Xaok's Jewellery Shoppe.
 23992 | Bazaar   | Found Poklax Isou's Book Emporium.
 24953 | Snake:2  | You fall through a shaft!
 24961 | Snake:3  | Found Mocwim's Magic Scroll Boutique.
 24961 | Snake:3  | Found Mefrialu's Antique Weapon Shop.
 24977 | Snake:3  | Bought a scroll of blinking for 112 gold pieces
 25266 | Snake:3  | Reached XP level 17. HP: 156/170 MP: 15/17
 26856 | Snake:4  | Entered Level 4 of the Snake Pit
 28626 | Snake:4  | Reached XP level 18. HP: 153/178 MP: 18/18
 28653 | Snake:4  | Reached skill level 15 in Dodging
 29574 | Snake:4  | Got a serpentine rune of Zot
 29922 | Shoals:1 | Entered Level 1 of the Shoals
 32088 | Shoals:2 | Reached XP level 19. HP: 103/187 MP: 14/19
 32453 | Shoals:3 | Found a transporter.
 32713 | Shoals:3 | Found a transporter.
 32813 | Shoals:3 | Got a scorched broad axe
 32834 | Shoals:3 | Identified the cursed +1 broad axe of the Five Souls {chop,
                  | +Inv rF+ Stlth-} (You found it on level 3 of the Shoals)
 33143 | Shoals:3 | Reached skill level 21 in Fighting
 33189 | Shoals:4 | Entered Level 4 of the Shoals
 35188 | Shoals:4 | Got a barnacled rune of Zot
 35881 | Orc:1    | Entered Level 1 of the Orcish Mines
 35885 | Orc:1    | Found a transporter.
 35992 | Orc:1    | Noticed PeterQ's ghost (journeyman GnGl)
 35992 | Orc:1    | Identified the +9 great mace of Xaihiank {drain, MR+}
 36031 | Orc:1    | Found a transporter.
 36040 | Orc:1    | Reached skill level 22 in Fighting
 36051 | Orc:1    | Killed PeterQ's ghost
 36093 | Orc:2    | Entered Level 2 of the Orcish Mines
 36650 | Orc:2    | Noticed Snorg
 36662 | Orc:2    | Killed Snorg
 36720 | Orc:2    | Found a staircase to the Elven Halls.
 36724 | Orc:2    | Noticed Saint Roka
 36759 | Orc:2    | Killed Saint Roka
 36861 | Orc:2    | Found Qeobbuim's Jewellery Boutique.
 36861 | Orc:2    | Found Pile's Assorted Antiques.
 36993 | Orc:2    | Found Gusibod's Antique Weapon Shop.
 36995 | Orc:2    | Found Apuosura's Distillery.
 37005 | Orc:2    | Bought a potion of heal wounds for 75 gold pieces
 37005 | Orc:2    | Bought a potion of haste for 150 gold pieces
 37439 | Elf:1    | Entered Level 1 of the Elven Halls
 37560 | Elf:1    | Reached XP level 20. HP: 174/200 MP: 18/20
 37603 | Elf:1    | Noticed Frances
 37621 | Elf:1    | Killed Frances
 37847 | Elf:1    | Identified the Tome of Black Rites
 38263 | Elf:2    | Found a runed translucent gate.
 38264 | Elf:2    | Found a runed translucent gate.
 38294 | Elf:2    | Found a runed translucent gate.
 39607 | Elf:3    | Entered Level 3 of the Elven Halls
 39810 | Elf:3    | Identified Roxanne's Almanac of Stones
 39810 | Elf:3    | Noticed Roxanne
 39826 | Elf:3    | Killed Roxanne
 40041 | Elf:3    | Noticed a Tzitzimitl
 40050 | Elf:3    | Noticed a Tzitzimitl
 40647 | Elf:3    | Noticed a Tzitzimitl
 40656 | Elf:3    | Noticed a Brimstone Fiend
 40906 | Elf:3    | Reached XP level 21. HP: 87/207 MP: 18/21
 41607 | Elf:3    | Identified the +8 broad axe of Jaciduxoq {drain, rF+ Int+3}
 41649 | Elf:3    | Identified the +9 executioner's axe "Wedaatejit" {drain,
                  | Dex+6}
 42593 | Vaults:1 | Entered Level 1 of the Vaults
 42594 | Vaults:1 | Upgraded the game from 0.23.0 to 0.23.0-2-g0fe3ce5905
 43754 | Vaults:2 | Found a staircase to the Crypt.
 43823 | Vaults:2 | Identified the Tome of Confrontation
 44101 | Vaults:2 | Noticed Asterion
 44109 | Vaults:2 | Noticed Sojobo
 44123 | Vaults:2 | Killed Asterion
 44579 | Vaults:2 | Killed Sojobo
 44960 | Vaults:2 | Identified a scroll of acquirement
 45344 | Vaults:3 | Reached skill level 23 in Fighting
 45499 | Vaults:3 | Paralysed by a wizard for 2 turns
 45530 | Vaults:3 | Reached XP level 22. HP: 220/220 MP: 22/22
 45817 | Vaults:3 | Noticed Xtahua
 45847 | Vaults:3 | Killed Xtahua
 45847 | Vaults:3 | Reached skill level 24 in Fighting
 46809 | Vaults:4 | Found Suuwun's Distillery.
 46846 | Vaults:4 | Bought a potion of haste for 140 gold pieces
 46846 | Vaults:4 | Bought a potion of heal wounds for 70 gold pieces
 46846 | Vaults:4 | Bought 2 potions of heal wounds for 140 gold pieces
 46913 | Vaults:4 | Found Geosmit's Book Shoppe.
 46965 | Vaults:4 | Found Aruakouc's Distillery.
 47495 | Vaults:4 | Found a flickering gateway to a bazaar.
 47511 | Bazaar   | Entered a bazaar
 47513 | Bazaar   | Found Huakupt's Gadget Boutique.
 47517 | Bazaar   | Found Aqeopref's Book Boutique.
 47517 | Bazaar   | Found Byschoik's Assorted Antiques.
 47518 | Bazaar   | Found Upogaris's Jewellery Boutique.
 47532 | Bazaar   | Bought a potion of heal wounds for 135 gold pieces
 47532 | Bazaar   | Bought a potion of heal wounds for 135 gold pieces
 47724 | Vaults:4 | Reached XP level 23. HP: 219/229 MP: 19/23
 47774 | Vaults:4 | Bought a potion of heal wounds for 80 gold pieces
 48615 | Depths:1 | Entered Level 1 of the Depths
 48769 | Depths:1 | Found Motyu's Gadget Shop.
 48770 | Depths:1 | Found Emmypium's Jewellery Shoppe.
 48771 | Depths:1 | Found Hotatz's Gadget Shop.
 48892 | Depths:1 | Found a one-way gate to the infinite horrors of the Abyss.
 49218 | Depths:1 | Found a portal to a secret trove of treasure.
 49253 | Depths:1 | Got a spiked plate armour
 49264 | Depths:1 | Identified the cursed +1 plate armour "Wulyatuv" {*Slow
                  | +Fly rF+++} (You found it on level 1 of the Depths)
 49375 | Depths:1 | Found a gateway to Hell.
 49728 | Depths:1 | Reached XP level 24. HP: 238/238 MP: 23/23
 49729 | Depths:1 | Reached XP level 25. HP: 245/245 MP: 23/23
 51009 | Depths:3 | Reached XP level 26. HP: 254/254 MP: 23/23
 51091 | Depths:3 | Noticed a juggernaut
 51091 | Depths:3 | a shadow dragon changed into a juggernaut
 51095 | Depths:3 | a juggernaut changed into a titan
 51533 | Depths:3 | Found a one-way gate leading to the halls of Pandemonium.
 51543 | Depths:3 | You fall through a shaft for 2 floors!
 51543 | Depths:5 | Entered Level 5 of the Depths
 52458 | Depths:4 | Found a runed translucent gate.
 52459 | Depths:4 | Found a runed translucent gate.
 52460 | Depths:4 | Found a runed translucent gate.
 52481 | Depths:4 | Noticed Barug's ghost (adept TrMo)
 52488 | Depths:4 | Found Wefiete's Jewellery Shop.
 52493 | Depths:4 | Found Tarph's Food Shop.
 52500 | Depths:4 | Bought a ration for 50 gold pieces
 52500 | Depths:4 | Bought a ration for 50 gold pieces
 52500 | Depths:4 | Bought a ration for 50 gold pieces
 52500 | Depths:4 | Bought a ration for 50 gold pieces
 52500 | Depths:4 | Bought a ration for 50 gold pieces
 52500 | Depths:4 | Bought a ration for 50 gold pieces
 52500 | Depths:4 | Bought a ration for 50 gold pieces
 52500 | Depths:4 | Bought a ration for 50 gold pieces
 52556 | Depths:4 | Found a gateway to a ziggurat.
 52606 | Depths:4 | Reached XP level 27. HP: 255/256 MP: 23/23
 52894 | Depths:4 | Killed Barug's ghost
 52908 | Depths:4 | Identified the Almanac of the Glacier
 53380 | Depths:3 | Got a warped brass amulet
 53382 | Depths:3 | Identified the amulet of Vuusigh {Harm *Drain rF+} (You
                  | found it on level 3 of the Depths)
 53401 | Depths:3 | Got a shimmering helmet
 53412 | Depths:3 | Identified the cursed +0 helmet "Tupe" {rF+ Str+4} (You
                  | found it on level 3 of the Depths)
 54033 | Depths:5 | Found a gate to the Realm of Zot.
 54245 | Depths:5 | Found a radiant altar of Vehumet.
 54563 | Vaults:5 | Entered Level 5 of the Vaults
 54590 | Vaults:5 | Paralysed by a floating eye for 3 turns
 54604 | Vaults:5 | Noticed Jory
 54624 | Vaults:5 | Killed Jory
 54777 | Vaults:5 | Found the amulet of Vitality {Regen+ HP+15}
 54887 | Vaults:5 | Noticed an ancient lich
 54896 | Vaults:5 | Killed an ancient lich
 54912 | Vaults:5 | Got a silver rune of Zot
 55214 | Zot:1    | Entered Level 1 of the Realm of Zot
 55348 | Zot:1    | Reached skill level 25 in Fighting
 55668 | Zot:2    | Reached skill level 26 in Fighting
 56402 | Zot:5    | Entered Level 5 of the Realm of Zot
 56508 | Zot:5    | Reached skill level 27 in Fighting
 56815 | Zot:5    | Noticed an ancient lich
 56826 | Zot:5    | Noticed an orb of fire
 56828 | Zot:5    | Noticed an ancient lich
 56839 | Zot:5    | Killed an ancient lich
 56842 | Zot:5    | Noticed an ancient lich
 56842 | Zot:5    | Noticed an orb of fire
 56843 | Zot:5    | Noticed an orb of fire
 56844 | Zot:5    | Noticed an ancient lich
 56858 | Zot:5    | Gained mutation: Scrolls take you a little longer to read.
                  | [an orb of fire]
 56862 | Zot:5    | Gained mutation: You are agile. (Dex +2) [an orb of fire]
 56864 | Zot:5    | Killed an orb of fire
 56864 | Zot:5    | Noticed an orb of fire
 56865 | Zot:5    | Noticed an orb of fire
 56866 | Zot:5    | Noticed an orb of fire
 56875 | Zot:5    | Noticed an ancient lich
 56889 | Zot:5    | Killed an orb of fire
 56902 | Zot:5    | Got the Orb of Zot
 57173 | Zot:1    | Noticed Axojorr the pandemonium lord
 57295 | Depths:1 | HP: 10/273 [??? (10)]
 57358 | D:13     | Noticed Kepun the pandemonium lord
 57419 | D:13     | Slain by Kepun the pandemonium lord

Skill      XL: |  1  2  3  4  5  6  7  8  9 10 11 12 13 14 15 16 17 18 19 20 21 22 23 24 25 26 27 |
---------------+----------------------------------------------------------------------------------+-----
Fighting       | 4 5 6 7 8 9 11 12 15 16 18 19 20 22 23 24 27 | 27.0
Armour         | 5 8 10 13 14 16 19 20 21 22 23 24 | 24.5
Axes           | 3 5 8 10 13 14 16 18 19 23 | 23.8
Shields        | 4 |  4.0
Dodging        | 1 5 8 10 12 14 15 17 18 19 21 22 | 22.3

Action                   |  1- 3 |  4- 6 |  7- 9 | 10-12 | 13-15 | 16-18 | 19-21 | 22-24 | 25-27 || total
-------------------------+-------+-------+-------+-------+-------+-------+-------+-------+-------++-------
Melee: War axe           |    99 |   191 |       |       |       |       |       |       |       ||   290
       Hand axe          |       |    17 |   296 |   554 |  1305 |  1716 |   187 |       |       ||  4075
       Broad axe         |       |       |       |       |       |       |  1495 |       |       ||  1495
       Battleaxe         |       |       |       |       |       |       |   104 |   742 |  1681 ||  2527
Throw: Tomahawk          |       |     5 |       |       |       |       |       |       |       ||     5
Invok: Call Merchant     |       |       |       |       |     1 |       |       |       |       ||     1
       Potion Petition   |       |       |       |       |       |     4 |     4 |       |     3 ||    11
       Bribe Branch      |       |       |       |       |       |       |       |       |     5 ||     5
 Abil: Evoke Berserk Rag |       |     1 |       |       |       |       |       |       |       ||     1
Evoke: Wand              |       |       |       |    11 |     1 |     2 |       |       |     2 ||    16
  Use: Scroll            |       |       |    10 |    14 |     2 |    10 |    14 |     3 |     6 ||    59
       Potion            |       |       |       |     2 |     3 |     3 |     9 |     4 |    10 ||    31
 Stab: Distracted        |       |       |       |     5 |     9 |    11 |    12 |     7 |    30 ||    74
       Petrified         |       |       |       |       |     6 |    18 |       |       |       ||    24
       Petrifying        |       |       |       |       |     2 |     1 |       |       |       ||     3
  Eat: Chunk             |       |     9 |     7 |       |       |       |       |       |       ||    16
       Ration            |       |       |     1 |     6 |     9 |    11 |    15 |     4 |     8 ||    54
Armor: Scale mail        |    49 |    74 |   129 |    10 |       |       |       |       |       ||   262
       Plate armour      |       |       |       |   318 |   180 |       |       |       |       ||   498
       Gold dragon scale |       |       |       |       |   624 |  1060 |   918 |   433 |  1111 ||  4146
Dodge: Dodged            |    29 |    66 |   114 |   182 |   466 |   706 |   762 |   454 |  1214 ||  3993
       Deflected         |       |       |       |       |       |       |    99 |    41 |    64 ||   204
Block: Shield            |    45 |   124 |     2 |       |       |       |       |       |       ||   171
       Buckler           |       |       |    61 |    76 |   236 |   471 |   413 |       |       ||  1257
